 Dungeon Crawl Stone Soup version 0.16.2-3-ga078185 (webtiles) character file.

76 gorblad the Skirmisher (level 4, -4/37 HPs)
             Began as a Demonspawn Chaos Knight on Sept 6, 2015.
             Slain by an ogre
             ... wielding a +0 giant spiked club
              (21 damage)
             ... on level 3 of the Dungeon.
             The game lasted 00:09:09 (2373 turns).

gorblad the Skirmisher (Demonspawn Chaos Knight)    Turns: 2373, Time: 00:09:09

Health: -4/37      AC:  7    Str: 12    XL:     4   Next: 12%
Magic:  4/4        EV: 11    Int: 14    God:    Xom [..*...]
Gold:   123        SH:  0    Dex: 19    Spells: 0 memorised, 3 levels left

rFire  . . .     SeeInvis .     a - +0 spear (chaos)
rCold  . . .     Clarity  +     j - +2 ring mail {MR+}
rNeg   . . .     SustAb   .     (no shield)
rPois  .         Gourm    .     (no helmet)
rElec  .         Spirit   .     (no cloak)
rCorr  .         Warding  .     (no gloves)
rMut   .         Stasis   .     (no boots)
MR     +....                    l - amulet of clarity
Stlth  +.........               (no ring)
                                e - +6 ring of dexterity

@: somewhat resistant to hostile enchantments, very unstealthy
A: claws 1, rot immunity
a: Renounce Religion


You were on level 3 of the Dungeon.
You worshipped Xom.
You were a toy of Xom.
You were not hungry.

You visited 1 branch of the dungeon, and saw 3 of its levels.

You collected 123 gold pieces.

Inventory:

Hand weapons
 a - a +0 spear of chaos (weapon)
Armour
 b - a +2 leather armour
 j - a +2 ring mail of magic resistance (worn)
Jewellery
 e - a +6 ring of dexterity (left claw)
 i - an uncursed amulet of guardian spirit
 l - an amulet of clarity (around neck)
 o - an uncursed ring of magical power {unknown}
Scrolls
 s - a scroll of fog
 u - a scroll of identify
Potions
 d - 4 potions of lignification {unknown}
 h - a potion of invisibility {unknown}
 k - a potion of heal wounds {unknown}
 n - a potion of agility {unknown}
 p - a potion of curing {unknown}
 q - a potion of restore abilities {unknown}
 r - a potion of berserk rage {unknown}
 t - a potion of beneficial mutation {unknown}
Comestibles
 c - 3 bread rations
 f - a meat ration
 g - a slice of pizza
 m - a royal jelly


   Skills:
 + Level 3.8 Fighting
 + Level 3.2 Polearms
 + Level 2.2 Armour
 + Level 1.5 Dodging
 + Level 0.6 Stealth


You had 3 spell levels left.
You didn't know any spells.

Dungeon Overview and Level Annotations

Branches:
Dungeon (3/15)

Altars:


Innate Abilities, Weirdness & Mutations

You have sharp fingernails.
You are immune to rotting.


Message History

A shower of butterflies erupts from you!
A rat comes into view.
You swap places.
You hit the ogre.
The ogre is lightly wounded.
The ogre closely misses you.
The rat completely misses your butterfly.
You barely miss the ogre.
The ogre is lightly wounded.
The rat completely misses your butterfly.
The ogre closely misses you.
You hit the ogre.
The ogre is moderately wounded.
The rat completely misses your butterfly.
You barely miss the ogre.
The ogre is moderately wounded.
The ogre hits you with a giant spiked club!!
Ouch! That really hurt!
You die...
Xom snickers!

.........#
.........+
.........#
#.......## # #
##.....## #. .#
##...## #. .#
##+## #r# #.# #.#
#.b#..# #.#
#.O@b.# ##.##
###b###
##...##########b#
#.....#.........#
#...##.#########
####.###.#
.........#
##########


You could see an ogre and a rat.

Vanquished Creatures
  An adder (D:2)
  A gnoll (D:1)
  2 worms
  2 giant geckos (D:2)
  An ooze (D:1)
  2 ball pythons
  2 giant cockroaches (D:3)
  4 goblins
  7 hobgoblins
  4 kobolds
  2 bats (D:1)
  6 giant newts
  10 rats
44 creatures vanquished.

Notes
Turn   | Place    | Note
--------------------------------------------------------------
     0 | D:1      | gorblad, the Demonspawn Chaos Knight, began the quest for the Orb.
     0 | D:1      | Reached XP level 1. HP: 18/18 MP: 1/1
    59 | D:1      | XOM: harmless Chrm miscast
   184 | D:1      | Gained mutation: You are immune to rotting. [demonic ancestry]
   184 | D:1      | Reached XP level 2. HP: 22/24 MP: 2/2
   475 | D:1      | Reached skill level 1 in Dodging
   821 | D:1      | XOM: divination: detect creatures
   984 | D:1      | XOM: silly message
  1027 | D:2      | Reached XP level 3. HP: 29/29 MP: 3/3
  1586 | D:2      | XOM: divination: magic mapping
  1939 | D:3      | XOM: stealth player
  2050 | D:3      | XOM: potion effect (heal wounds)
  2075 | D:3      | Gained mutation: You have sharp fingernails. [demonic ancestry]
  2075 | D:3      | Reached XP level 4. HP: 22/37 MP: 4/4
  2367 | D:3      | Noticed an ogre
  2368 | D:3      | XOM: butterfly on damage
  2373 | D:3      | Slain by an ogre

Action                   |  1- 3 |  4- 6 || total
-------------------------+-------+-------++-------
Melee: Spear             |   163 |     9 ||   172
  Use: Scroll            |     4 |       ||     4
 Stab: Paralysed         |     4 |       ||     4
       Petrified         |     3 |       ||     3
       Petrifying        |     1 |       ||     1
  Eat: Meat ration       |     1 |       ||     1
       Pizza             |     1 |       ||     1
       Chunk             |     1 |       ||     1
